TOP OF THE 1ST |
Daytona Beach Islanders batting - Pitching for Pompano Beach Stingrays : RHP Steven Viskas
|
Pitching: RHP Steven Viskas
|
|
Batting: SHB Michael Frierson
|
0-0: Ball 1-0: Swinging Strike 1-1: Ball 2-1: Ball 3-1: Called Strike 3-2: Base on Balls
|
Batting: RHB Antonio Alicea
|
0-0: Called Strike 0-1: Ball 1-1: Ball 2-1: Foul Ball, location: 2F 2-2: Fielders Choice at 2nd, 1-4 (Groundball, 25, EV 64.4 MPH)
|
Batting: LHB Benny Distefano
|
0-0: Called Strike 0-1: Called Strike 0-2: Ball 1-2: Ball 2-2: Fly out, F9 (Line Drive, 9, EV 94.4 MPH)
|
Batting: RHB Randy Kutcher
|
0-0: Fly out, F8 (Flyball, 8LS, EV 85.6 MPH)
|
Top of the 1st over - 0 runs, 0 hits, 0 errors, 1 left on base; Daytona Beach 0 - Pompano Beach 0 |
BOTTOM OF THE 1ST |
Pompano Beach Stingrays batting - Pitching for Daytona Beach Islanders : RHP Michael Moore
|
Pitching: RHP Michael Moore
|
|
Batting: RHB Jorge Villalobos
|
0-0: Called Strike 0-1: Foul Ball, location: 2F 0-2: Foul Ball, location: 2F 0-2: Ball 1-2: Ball 2-2: Ground out 6-3 (Groundball, 4MS, EV 73.8 MPH)
|
Batting: SHB Gene Roof
|
0-0: Ball 1-0: Ground out 6-3 (Groundball, 6S, EV 66.3 MPH)
|
Batting: RHB Lance Junker
|
0-0: Ball 1-0: Ground out 5-3 (Groundball, 56D, EV 106.9 MPH)
|
Bottom of the 1st over - 0 runs, 0 hits, 0 errors, 0 left on base; Daytona Beach 0 - Pompano Beach 0 |
TOP OF THE 2ND |
Daytona Beach Islanders batting - Pitching for Pompano Beach Stingrays : RHP Steven Viskas
|
Batting: LHB Danny Hernandez
|
0-0: Ball 1-0: Ball 2-0: Ball 3-0: Called Strike 3-1: Base on Balls
|
Batting: RHB Douglas Wabeke
|
0-0: Ball 1-0: Ball 2-0: DOUBLE (Line Drive, 5D, EV 110.6 MPH) Danny Hernandez to third
|
Batting: RHB Jeff Rutledge
|
0-0: Ball 1-0: Foul Ball, location: 2F 1-1: Foul Ball, location: 2F 1-2: Foul Ball, location: 2F 1-2: Ball 2-2: Fly out, F9 (Line Drive, 9S, EV 95.6 MPH)
|
Batting: RHB Kalvin Adams
|
0-0: Swinging Strike 0-1: Ball 1-1: Fly out, F7 (Line Drive, 7, EV 93.8 MPH) Runner from 3rd tags up, SCORES, throw by LF
|
Batting: RHB Francisco Gonzalez
|
0-0: Ball 1-0: Ball 2-0: 2-RUN HOME RUN (Flyball, 7D, EV 102.5 MPH), Distance : 354 ft
|
Batting: SHB Michael Frierson
|
0-0: Ball 1-0: Fly out, F8 (Flyball, 89D, EV 96.9 MPH)
|
Top of the 2nd over - 3 runs, 2 hits, 0 errors, 0 left on base; Daytona Beach 3 - Pompano Beach 0 |
BOTTOM OF THE 2ND |
Pompano Beach Stingrays batting - Pitching for Daytona Beach Islanders : RHP Michael Moore
|
Batting: RHB Mark Strucher
|
0-0: Fly out, F9 (Line Drive, 9D, EV 93.1 MPH)
|
Batting: SHB Juan Molina
|
0-0: Foul Ball, location: 2F 0-1: Hit by Pitch
|
Batting: LHB Steve Phillips
|
0-0: Foul Ball, location: 2F 0-1: Ball 1-1: Called Strike 1-2: Foul Ball, location: 2F 1-2: Strikes out looking
|
Batting: SHB Maury Ornest
|
0-0: Ball 1-0: Ball 2-0: Ground out 6-3 (Groundball, 6MS, EV 60.6 MPH)
|
Bottom of the 2nd over - 0 runs, 0 hits, 0 errors, 1 left on base; Daytona Beach 3 - Pompano Beach 0 |
TOP OF THE 3RD |
Daytona Beach Islanders batting - Pitching for Pompano Beach Stingrays : RHP Steven Viskas
|
Batting: RHB Antonio Alicea
|
0-0: Called Strike 0-1: Ball 1-1: Fly out, F5 (Flyball, 5D, EV 86.9 MPH)
|
Batting: LHB Benny Distefano
|
0-0: Swinging Strike 0-1: Fly out, F7 (Line Drive, 7, EV 88.1 MPH)
|
Batting: RHB Randy Kutcher
|
0-0: Ball 1-0: Ground out 5-3 (Groundball, 56S, EV 86.3 MPH)
|
Top of the 3rd over - 0 runs, 0 hits, 0 errors, 0 left on base; Daytona Beach 3 - Pompano Beach 0 |
BOTTOM OF THE 3RD |
Pompano Beach Stingrays batting - Pitching for Daytona Beach Islanders : RHP Michael Moore
|
Batting: RHB William Waag
|
0-0: Called Strike 0-1: Ball 1-1: Ball 2-1: DOUBLE (Flyball, 8RD, EV 104.4 MPH)
|
Batting: RHB Jimmy Thomas
|
0-0: Called Strike 0-1: Ball 1-1: DOUBLE (Flyball, 8RXD, EV 98.8 MPH) William Waag scores
|
Batting: RHB Jorge Villalobos
|
0-0: Ball 1-0: Ball 2-0: Foul Ball, location: 2F 2-1: Called Strike 2-2: Ground out 5-3 (Groundball, 56, EV 88.1 MPH)
|
Batting: SHB Gene Roof
|
0-0: Foul Ball, location: 2F 0-1: Swinging Strike 0-2: Ball 1-2: Foul Ball, location: 2F 1-2: Ball 2-2: Strikes out swinging
|
Batting: RHB Lance Junker
|
0-0: Ball 1-0: Fly out, F7 (Flyball, 7, EV 96.9 MPH)
|
Bottom of the 3rd over - 1 run, 2 hits, 0 errors, 1 left on base; Daytona Beach 3 - Pompano Beach 1 |
TOP OF THE 4TH |
Daytona Beach Islanders batting - Pitching for Pompano Beach Stingrays : RHP Steven Viskas
|
Batting: LHB Danny Hernandez
|
0-0: Ball 1-0: Ball 2-0: Foul Ball, location: 2F 2-1: Fly out, F4 (Popup, 4S, EV 62.5 MPH)
|
Batting: RHB Douglas Wabeke
|
0-0: Ball 1-0: Called Strike 1-1: Foul Ball, location: 2F 1-2: SINGLE (Groundball, 56D, EV 97.5 MPH)
|
Batting: RHB Jeff Rutledge
|
0-0: Fly out, F5 (Line Drive, 5, EV 72.5 MPH)
|
Batting: RHB Kalvin Adams
|
0-0: Called Strike 0-1: Ball 1-1: Foul Ball, location: 2F 1-2: Ball 2-2: Ground out 4-3 (Groundball, 4, EV 106.3 MPH)
|
Top of the 4th over - 0 runs, 1 hit, 0 errors, 1 left on base; Daytona Beach 3 - Pompano Beach 1 |
BOTTOM OF THE 4TH |
Pompano Beach Stingrays batting - Pitching for Daytona Beach Islanders : RHP Michael Moore
|
Batting: RHB Mark Strucher
|
0-0: Called Strike 0-1: Ball 1-1: Ball 2-1: Ground out 6-3 (Groundball, 6, EV 84.4 MPH)
|
Batting: SHB Juan Molina
|
0-0: Ground out 5-3 (Groundball, 56S, EV 76.3 MPH)
|
Batting: LHB Steve Phillips
|
0-0: Called Strike 0-1: Fly out, F7 (Flyball, 7D, EV 96.3 MPH)
|
Bottom of the 4th over - 0 runs, 0 hits, 0 errors, 0 left on base; Daytona Beach 3 - Pompano Beach 1 |
TOP OF THE 5TH |
Daytona Beach Islanders batting - Pitching for Pompano Beach Stingrays : RHP Steven Viskas
|
Batting: RHB Francisco Gonzalez
|
0-0: Ground out 6-3 (Groundball, 6MS, EV 89.4 MPH)
|
Batting: SHB Michael Frierson
|
0-0: Ball 1-0: Ground out 4-3 (Groundball, 4, EV 101.9 MPH)
|
Batting: RHB Antonio Alicea
|
0-0: Ball 1-0: Called Strike 1-1: Ball 2-1: Ball 3-1: DOUBLE (Groundball, 3L, EV 103.1 MPH)
|
Batting: LHB Benny Distefano
|
0-0: Called Strike 0-1: Called Strike 0-2: Strikes out swinging
|
Top of the 5th over - 0 runs, 1 hit, 0 errors, 1 left on base; Daytona Beach 3 - Pompano Beach 1 |
BOTTOM OF THE 5TH |
Pompano Beach Stingrays batting - Pitching for Daytona Beach Islanders : RHP Michael Moore
|
Batting: SHB Maury Ornest
|
0-0: Foul Ball, location: 2F 0-1: Foul Ball, location: 2F 0-2: Foul Ball, location: 2F 0-2: Foul Ball, location: 2F 0-2: Foul Ball, location: 2F 0-2: DOUBLE (Flyball, 8LXD, EV 91.3 MPH)
|
Batting: RHB William Waag
|
0-0: Ball 1-0: Swinging Strike 1-1: Ball 2-1: Called Strike 2-2: Foul Ball, location: 2F 2-2: Ball 3-2: Base on Balls
|
Batting: RHB Jimmy Thomas
|
0-0: Grounds into double play, 4-6-3 (Groundball, 4, EV 80.6 MPH) Maury Ornest to third
|
Batting: RHB Jorge Villalobos
|
0-0: Called Strike 0-1: Ball 1-1: Ball 2-1: Called Strike 2-2: SINGLE (Groundball, 6M, EV 109.4 MPH) (infield hit) Maury Ornest scores
|
Batting: SHB Gene Roof
|
0-0: Called Strike 0-1: Ball 1-1: Ball 2-1: Ball 3-1: Called Strike 3-2: Base on Balls Jorge Villalobos to second
|
Batting: RHB Lance Junker
|
0-0: Called Strike 0-1: Ground out 1-3 (Groundball, P, EV 68.8 MPH)
|
Bottom of the 5th over - 1 run, 2 hits, 0 errors, 2 left on base; Daytona Beach 3 - Pompano Beach 2 |
TOP OF THE 6TH |
Daytona Beach Islanders batting - Pitching for Pompano Beach Stingrays : RHP Steven Viskas
|
Batting: RHB Randy Kutcher
|
0-0: Called Strike 0-1: SINGLE (Groundball, 4M, EV 81.3 MPH) (infield hit)
|
Batting: LHB Danny Hernandez
|
0-0: Ball 1-0: Ball Randy Kutcher is caught stealing 2nd base 2-6 2-0: Called Strike 2-1: Ball 3-1: Foul Ball, location: 2F 3-2: Foul Ball, location: 2F 3-2: Base on Balls
|
Batting: RHB Douglas Wabeke
|
0-0: Foul Ball, location: 2F 0-1: Ball 1-1: Ball 2-1: Ball 3-1: Called Strike 3-2: Base on Balls Danny Hernandez to second
|
Batting: RHB Jeff Rutledge
|
0-0: Ball 1-0: Foul Ball, location: 2F 1-1: Swinging Strike 1-2: Foul Ball, location: 2F 1-2: Foul Ball, location: 2F 1-2: Foul Ball, location: 2F 1-2: Fly out, F1 (Line Drive, P, EV 71.3 MPH)
|
Batting: RHB Kalvin Adams
|
0-0: Called Strike 0-1: Ground out 6-3 (Groundball, 6S, EV 61.9 MPH)
|
Top of the 6th over - 0 runs, 1 hit, 0 errors, 2 left on base; Daytona Beach 3 - Pompano Beach 2 |
BOTTOM OF THE 6TH |
Pompano Beach Stingrays batting - Pitching for Daytona Beach Islanders : RHP Michael Moore
|
Batting: RHB Mark Strucher
|
0-0: Ball 1-0: Fly out, F7 (Flyball, 78S, EV 90.0 MPH)
|
Batting: SHB Juan Molina
|
0-0: Ball 1-0: Ball 2-0: Ball 3-0: Called Strike 3-1: Called Strike 3-2: Base on Balls
|
Batting: LHB Steve Phillips
|
0-0: Ball 1-0: Ball 2-0: SINGLE (Line Drive, 56D, EV 100.6 MPH) Juan Molina to second
|
Batting: SHB Maury Ornest
|
0-0: Reached on error, E3 (Groundball, 34, EV 84.4 MPH) Juan Molina to third Steve Phillips to second
|
Batting: RHB William Waag
|
0-0: SINGLE (Groundball, 4MD, EV 95.0 MPH) Juan Molina scores Steve Phillips to third Maury Ornest to second Runner from 3rd tries for Home, SAFE, throw by CF to home
|
Batting: RHB Jimmy Thomas
|
0-0: Ball 1-0: Called Strike Maury Ornest steals 3rd base 1-1: Ball 2-1: Foul Ball, location: 2F 2-2: SINGLE (Groundball, 6D, EV 105.6 MPH) Maury Ornest scores William Waag to second Runner from 2nd tries for 3rd, SAFE, no throw by LF
|
Pitching: RHP Thad Troedson
|
|
Batting: RHB Jorge Villalobos
|
0-0: Called Strike 0-1: Fly out, F9 (Flyball, 89S, EV 78.1 MPH)
|
Batting: SHB Gene Roof
|
0-0: Foul Ball, location: 2F 0-1: Swinging Strike 0-2: Fielders Choice at 2nd, 6-4 (Groundball, 6, EV 103.8 MPH)
|
Bottom of the 6th over - 3 runs, 3 hits, 1 error, 2 left on base; Daytona Beach 3 - Pompano Beach 5 |
TOP OF THE 7TH |
Daytona Beach Islanders batting - Pitching for Pompano Beach Stingrays : RHP Steven Viskas
|
Batting: RHB Francisco Gonzalez
|
0-0: Ball 1-0: Foul Ball, location: 2F 1-1: Ball 2-1: Ground out 6-3 (Groundball, 6, EV 86.9 MPH)
|
Batting: SHB Michael Frierson
|
0-0: Ball 1-0: Ball 2-0: Foul Ball, location: 2F 2-1: Called Strike 2-2: Foul Ball, location: 2F 2-2: Fly out, F7 (Flyball, 7, EV 84.4 MPH)
|
Batting: RHB Antonio Alicea
|
0-0: Ball 1-0: Ball 2-0: Ground out 4-3 (Groundball, 4M, EV 100.6 MPH)
|
Top of the 7th over - 0 runs, 0 hits, 0 errors, 0 left on base; Daytona Beach 3 - Pompano Beach 5 |
BOTTOM OF THE 7TH |
Pompano Beach Stingrays batting - Pitching for Daytona Beach Islanders : RHP Thad Troedson
|
Batting: RHB Lance Junker
|
0-0: Called Strike 0-1: Ball 1-1: Fly out, F7 (Flyball, 7D, EV 99.4 MPH)
|
Batting: RHB Mark Strucher
|
0-0: Ball 1-0: Ball 2-0: Called Strike 2-1: Called Strike 2-2: Ground out 6-3 (Groundball, 6, EV 100.0 MPH)
|
Batting: SHB Juan Molina
|
0-0: Called Strike 0-1: Reached on error, E4 (Groundball, 4M, EV 93.1 MPH)
|
Batting: LHB Steve Phillips
|
0-0: Called Strike 0-1: Ball 1-1: Fly out, F5 (Popup, 56, EV 76.9 MPH)
|
Bottom of the 7th over - 0 runs, 0 hits, 1 error, 1 left on base; Daytona Beach 3 - Pompano Beach 5 |
TOP OF THE 8TH |
Daytona Beach Islanders batting - Pitching for Pompano Beach Stingrays : RHP Steven Viskas
|
Batting: LHB Benny Distefano
|
0-0: Ball 1-0: Called Strike 1-1: Swinging Strike 1-2: Strikes out swinging
|
Batting: RHB Randy Kutcher
|
0-0: Called Strike 0-1: Foul Ball, location: 2F 0-2: Ball 1-2: Ball 2-2: Ball 3-2: TRIPLE (Flyball, 89XD, EV 101.9 MPH)
|
Batting: LHB Danny Hernandez
|
0-0: Ball 1-0: Foul Ball, location: 2F 1-1: Called Strike 1-2: Ball 2-2: Foul Ball, location: 2F 2-2: Foul Ball, location: 2F 2-2: SINGLE (Groundball, 6D, EV 103.1 MPH) Randy Kutcher scores
|
Batting: RHB Douglas Wabeke
|
0-0: Ball 1-0: Foul Ball, location: 2F 1-1: Ball 2-1: Ball 3-1: Base on Balls Danny Hernandez to second
|
Batting: RHB Jeff Rutledge
|
0-0: Called Strike 0-1: Ball 1-1: Fly out, F8 (Line Drive, 8RM, EV 94.4 MPH)
|
Batting: RHB Kalvin Adams
|
0-0: Ball 1-0: Fielders Choice at 2nd, 5-4 (Groundball, 5, EV 86.9 MPH)
|
Top of the 8th over - 1 run, 2 hits, 0 errors, 2 left on base; Daytona Beach 4 - Pompano Beach 5 |
BOTTOM OF THE 8TH |
Pompano Beach Stingrays batting - Pitching for Daytona Beach Islanders : RHP Thad Troedson
|
Batting: SHB Maury Ornest
|
0-0: Ball 1-0: Ball 2-0: Ball 3-0: Called Strike 3-1: SOLO HOME RUN (Line Drive, 9LD, EV 110.0 MPH), Distance : 371 ft
|
Batting: RHB William Waag
|
0-0: Called Strike 0-1: Foul Ball, location: 2F 0-2: Foul Ball, location: 2F 0-2: Ball 1-2: Strikes out swinging
|
Batting: RHB Jimmy Thomas
|
0-0: Foul Ball, location: 2F 0-1: Foul Ball, location: 2F 0-2: Ball 1-2: Foul Ball, location: 2F 1-2: SINGLE (Line Drive, 56D, EV 96.3 MPH)
|
Batting: RHB Jorge Villalobos
|
0-0: 2-RUN HOME RUN (Flyball, 7D, EV 105.6 MPH), Distance : 369 ft
|
Pitching: RHP Randall Rambis
|
|
Batting: SHB Gene Roof
|
0-0: Ball 1-0: Ball 2-0: Swinging Strike 2-1: Foul Ball, location: 2F 2-2: Fly out, F7 (Flyball, 7, EV 95.0 MPH)
|
Batting: RHB Lance Junker
|
0-0: Called Strike 0-1: Swinging Strike 0-2: Ball 1-2: Foul Ball, location: 2F 1-2: Foul Ball, location: 2F 1-2: Ball 2-2: Strikes out swinging
|
Bottom of the 8th over - 3 runs, 3 hits, 0 errors, 0 left on base; Daytona Beach 4 - Pompano Beach 8 |
TOP OF THE 9TH |
Daytona Beach Islanders batting - Pitching for Pompano Beach Stingrays : RHP Steven Viskas
|
Batting: RHB Francisco Gonzalez
|
0-0: Called Strike 0-1: Called Strike 0-2: Ball 1-2: Ball 2-2: Strikes out swinging
|
Batting: SHB Michael Frierson
|
0-0: Ball 1-0: Ball 2-0: Foul Ball, location: 2F 2-1: Swinging Strike 2-2: Strikes out swinging, 2-3 out at first.
|
Batting: RHB Antonio Alicea
|
0-0: Ground out U3 (Groundball, 3D, EV 100.6 MPH)
|
Top of the 9th over - 0 runs, 0 hits, 0 errors, 0 left on base; Daytona Beach 4 - Pompano Beach 8 |
|